 Dungeon Crawl Stone Soup version 0.17-a0-2171-ga91b4ec (webtiles) character file.

25 xeno23 the Scratcher (level 2, 0/12 HPs)
             Began as a Felid Transmuter on Oct 25, 2015.
             Slain by a jackal (3 damage)
             ... on level 2 of the Dungeon.
             The game lasted 00:06:36 (825 turns).

xeno23 the Scratcher (Felid Transmuter)              Turns: 825, Time: 00:06:36

Health: 0/12       AC:  1    Str:  6    XL:     2   Next: 82%
Magic:  6/6        EV: 18    Int: 14    God:
Gold:   66         SH:  0    Dex: 16    Spells: 2 memorised, 2 levels left
                                        Lives:  0   Deaths: 0

rFire  . . .     SeeInvis +       - Unarmed
rCold  . . .     Clarity  .     (armour unavailable)
rNeg   . . .     SustAt   .     (shield unavailable)
rPois  .         Gourm    .     (helmet unavailable)
rElec  .         Spirit   .     (cloak unavailable)
rCorr  +         Warding  .     (gloves unavailable)
rMut   .         Stasis   .     (boots unavailable)
MR     .....                    h - amulet of resist corrosion
Stlth  ++........               (no ring)
                                (no ring)

@: quick, not resistant to hostile enchantments, unstealthy
A: no armour, no weapons or thrown items, claws 1, fangs 3, see invisible,
carnivore 3, speed 1, shaggy fur 1, slow metabolism 1, sharp paws
a: no special abilities


You were on level 2 of the Dungeon.
You were full.

You visited 1 branch of the dungeon, and saw 2 of its levels.

You collected 66 gold pieces.

Inventory:

Missiles
 a - 30 arrows
Jewellery
 h - an amulet of resist corrosion (around neck)
Scrolls
 e - 3 scrolls of recharging {unknown}
 f - a scroll of magic mapping {unknown}
 g - 2 scrolls of noise {unknown}
 j - a scroll of enchant weapon {unknown}
Potions
 d - a potion of curing {unknown}
 i - a potion of resistance {unknown}
Books
 b - a book of Changes

   Spells                             Type                      Level
   a - Beastly Appendage              Transmutation                1
   b - Sticks to Snakes               Transmutation                2
   c - Spider Form                    Transmutation/Poison         3
   d - Ice Form                       Ice/Transmutation            4
   e - Blade Hands                    Transmutation                5
Comestibles
 c - 2 meat rations


   Skills:
 + Level 1.1 Fighting
 + Level 3.0 Dodging
 + Level 0.8 Stealth
 * Level 3.4 Unarmed Combat
 + Level 2.3 Spellcasting
 * Level 2.3 Transmutations


You had 2 spell levels left.
You knew the following spells:

 Your Spells              Type           Power        Failure   Level  Hunger
a - Beastly Appendage     Trmt           #.....       12%         1    #......
b - Sticks to Snakes      Trmt           #.........   17%         2    ###....


Dungeon Overview and Level Annotations

Branches:
Dungeon (2/15)

Altars:


Innate Abilities, Weirdness & Mutations

You cannot wear armour.
You are incapable of wielding weapons or throwing items.
You have sharp claws.
You have razor-sharp teeth.
You have supernaturally acute eyesight.
You are carnivorous and can eat meat at any time.
You cover ground quickly.
You are covered in fur (AC +1).
You have a slow metabolism.
Your sharp claws are effective at attacking unaware monsters.


Message History

The adder closely misses you. The goblin hits you with a club.
You take 2 damage.
You scratch the adder but do no damage. The jackal closely misses you.
The adder misses you. The goblin barely misses you.
You barely miss the adder. The jackal closely misses you.
The adder closely misses you. The jackal bites you.
The jackal closely misses you.
You take 3 damage.
You scratch the adder but do no damage. The adder completely misses you.
The goblin hits you with a club. The jackal bites you.
The jackal barely misses you.
You take 2 damage.
The adder closely misses you.
You closely miss the jackal. You bite the jackal, but do no damage.
The jackal closely misses you.
You closely miss the jackal. Your bite misses the jackal. The jackal bites you.
* * * LOW HITPOINT WARNING * * *
You take 2 damage.
The jackal bites you.
You die...

..>#....##
#....# +....#
####...######
+...........#
###########.#
#.# #.# #@#
#h#
####+####h#
#........g#
#.........#
#....†....#
#.....)...#
#.........#
#.........#


You could see 2 jackals and a goblin.

Vanquished Creatures
  An ooze (D:1)
  A giant gecko (D:1)
  A ball python (D:1)
  2 giant cockroaches (D:1)
  3 goblins
  2 hobgoblins (D:1)
  3 bats
  2 giant newts
  A jackal (D:2)
  A kobold (D:1)
  3 rats
20 creatures vanquished.

Notes
Turn   | Place    | Note
--------------------------------------------------------------
     0 | D:1      | xeno23 the Felid Transmuter began the quest for the Orb.
     0 | D:1      | Reached XP level 1. HP: 9/9 MP: 4/4
   170 | D:1      | Reached XP level 2. HP: 10/12 MP: 6/6
   175 | D:1      | Learned a level 2 spell: Sticks to Snakes
   825 | D:2      | Slain by a jackal

Vault maps used:
D:1:      mrwooster_arrival_statue_2
D:2:      lemuel_blue_sif_altar

Action                   || total
-------------------------++-------
Melee: Unarmed           ||    65
 Cast: Beastly Appendage ||     1
 Stab: Sleeping          ||     1
  Eat: Chunk             ||     4
